 Dungeon Sprint DCSS version 0.27-a0-79-gcaaa221d37 (webtiles) character file.

Game seed: 18324024674239838690

9452 mhtbhm the Sorcerer (level 11, -15/50 (54) HPs)
             Began as a Deep Elf Earth Elementalist on Jan 15, 2021.
             Was the Champion of Vehumet.
             Killed from afar by a deep elf death mage (36 damage)
             ... with a bolt of negative energy
             ... in the Dungeon (Sprint III: "The Ten Rune Challenge").
             The game lasted 00:05:24 (1994 turns).

mhtbhm the Sorcerer (Deep Elf Earth Elementalist)   Turns: 1994, Time: 00:05:25

HP:   -15/50 (54)   AC:  2    Str:  5    XL:     11   Next: 23%
MP:   24/39         EV: 15    Int: 26    God:    Vehumet [******]
Gold: 2825          SH:  0    Dex: 15    Spells: 34/55 levels left

rFire    . . .     SeeInvis .   (no weapon)
rCold    + . .     Faith    .   (no shield)
rNeg     . . .     Spirit   .   c - +0 robe {Will+}
rPois    .         Reflect  .   (no helmet)
rElec    .         Harm     .   (no cloak)
rCorr    .         Rampage  .   (no gloves)
Will     ++...     NoTele   +   (no boots)
Stlth    +++.......             (no amulet)
HPRegen  0.16/turn              (no ring)
MPRegen  0.26/turn              (no ring)

@: drained
A: clever 1, cold resistance 1
a: Renounce Religion


You were in the Dungeon.
You worshipped Vehumet.
Vehumet was exalted by your worship.
You visited 1 branch You collected 3045 gold pieces.
You spent 220 gold pieces at shops.

Inventory:

Missiles
 b - 12 stones
Armour
 c - a +0 robe of willpower (worn)
Scrolls
 i - 2 scrolls of blinking
 j - a scroll of torment {unknown}
 k - 3 scrolls of identify
 l - a scroll of random uselessness {unknown}
 n - a scroll of immolation {unknown}
 o - 2 scrolls of remove curse
Potions
 a - 3 potions of mutation
 d - 2 potions of curing
 f - a potion of haste
 g - 2 potions of magic
 h - a potion of berserk rage
 m - 3 potions of flight
 p - 2 potions of might
 r - a potion of lignification {unknown}
Miscellaneous
 q - a phantom mirror


   Skills:
 + Level 5.4 Dodging
 + Level 6.3 Stealth
 + Level 22.5 Spellcasting
 + Level 2.0 Conjurations
 + Level 2.3 Hexes
 + Level 1.4 Transmutations
 + Level 0.7 Fire Magic
 + Level 19.2 Earth Magic


You had 34 spell levels left.
You knew the following spells:

 Your Spells              Type           Power        Failure   Level
a - Sandblast             Erth           100%         0%          1
b - Passwall              Tmut/Erth      58%          1%          2
c - Stone Arrow           Conj/Erth      100%         1%          3
d - Lee's Rapid Deconstr  Erth           46%          0%          5
e - Petrify               Tmut/Erth      70%          1%          4
f - Inner Flame           Hex/Fire       37%          1%          3
g - Mephitic Cloud        Conj/Pois/Air  32%          1%          3

Your spell library contained the following spells:

 Spells                   Type           Power        Failure   Level
 Hailstorm                Conj/Ice       34%          2%          4
 Magic Dart               Conj           100%         1%          1
 Blink                    Tloc           N/A          1%          2
 Call Imp                 Summ           29%          1%          2
 Slow                     Hex            41%          1%          2
 Confusing Touch          Hex            41%          1%          3
 Conjure Flame            Conj/Fire      36%          1%          3
 Gell's Gravitas          Tloc           14%          3%          3
 Yara's Violent Unravell  Hex/Tmut       19%          4%          5
 Metabolic Englaciation   Hex/Ice        17%          22%         5


Dungeon Overview and Level Annotations

Branches:
Dungeon (1/1)

Altars:
Cheibriados
Dithmenos
Elyvilon
Fedhas
Gozag
Hepliaklqana
Kikubaaqudgha
Makhleb
Nemelex Xobeh
Okawaru
Qazlal
Ru
Sif Muna
Trog
Uskayaw
Vehumet
Wu Jian
Xom
Yredelemnul
Zin
The Shining One
Beogh
Jiyva
Lugonu

Shops:
D :


Innate Abilities, Weirdness & Mutations

Your mind is acute. (Int +2)
Your flesh is cold resistant. (rC+)


Message History

The deep elf master archer shoots an arrow.
The arrow closely misses you.
Press: ? - help, v - describe, . - travel
Here: a deep elf master archer, wielding a +0 longbow, wearing a +3 chain mail of fire resistance, wearing a +4 ring of protection and quivering 24 arrows (noxious fumes)
The floor.
Unknown command.
You see here 3 arrows.
Casting: Mephitic Cloud (safe; 1% risk of failure)
Confirm with . or Enter, or press ? or * to list all spells.
Aiming: Lee's Rapid Deconstruction (safe; 0% risk of failure)
Press: ? - help, Dir - move target, f - deep elf annihilator Fragment what (e.g. wall or brittle monster)?: a deep elf annihilator, wielding a staff of conjuration and wearing a +2 robe of poison resistance An open door.
The stone door frame shatters!
The blast of rock fragments hits the deep elf annihilator!!
The deep elf annihilator is moderately wounded.
The deep elf death mage gestures at you while chanting.
The bolt of negative energy hits you!!!
You feel drained.
Ouch! That really hurt!
You die...

▓▓▓▓▓▓▓▓▓▓
#...#..#.######### ###
###)..#.∩..'.#(..# ...'
#.)).......#.#..@##≈≈≈≈#
#........###.#)..≈≈≈e...
#))†......##.#)..##≈≈≈≈#
#)####..##.#.))..# .)[e
#.# #..########## ###
#'#####################
#....#)#.#.....#......+
##.#).#.##.###[#....^.#
'##)#.#.##.#..##.^....#


You could see a deep elf annihilator and a deep elf death mage.

Vanquished Creatures
  A deep elf annihilator (D)
  A deep elf death mage (D)
  Erolcha (D)
  A deep elf knight (D)
  An orc high priest (D)
  7 deep elf magi (D)
  3 wandering mushrooms (D)
  2 redbacks (D)
  A shadow (D)
  A spatial vortex (D)
  4 orc warriors (D)
  A necrophage (D)
  5 two-headed ogres (D)
  A water elemental (D)
  A jelly (D)
  Jessica (D)
  A wizard (D)
  A necromancer (D)
  3 orc wizards (D)
  3 humans (D)
  A kobold demonologist (D)
  A wolf (D)
  An ooze (D)
  10 orcs (D)
  A rat (D)
54 creatures vanquished.

Notes
Turn   | Place    | Note
-------+----------+-------------------------------------------
     0 | D        | mhtbhm the Deep Elf Earth Elementalist began the quest for
                  | the Orb.
     0 | D        | Reached XP level 1. HP: 10/10 MP: 6/6
    96 | D        | Noticed Jessica
    98 | D        | Killed Jessica
    99 | D        | Reached skill level 5 in Spellcasting
    99 | D        | Reached skill level 5 in Earth Magic
    99 | D        | Reached XP level 2. HP: 15/15 MP: 6/10
    99 | D        | Reached XP level 3. HP: 19/19 MP: 6/11
   108 | D        | Learned a level 2 spell: Passwall
   112 | D        | Learned a level 3 spell: Stone Arrow
   130 | D        | Gained mutation: Your flesh is cold resistant. (rC+)
                  | [potion of mutation]
   130 | D        | Gained mutation: Your mind is acute. (Int +2) [potion of
                  | mutation]
   239 | D        | Reached skill level 6 in Spellcasting
   308 | D        | Noticed a water elemental
   312 | D        | Killed a water elemental
   313 | D        | Reached skill level 7 in Spellcasting
   313 | D        | Reached XP level 4. HP: 1/24 MP: 9/15
   594 | D        | Found a radiant altar of Vehumet.
   594 | D        | Found a shimmering blue altar of Sif Muna.
   594 | D        | Found an ancient bone altar of Kikubaaqudgha.
   594 | D        | Noticed a wizard
   595 | D        | Killed a wizard
   596 | D        | Reached skill level 8 in Spellcasting
   596 | D        | Reached XP level 5. HP: 28/28 MP: 14/17
   603 | D        | Became a worshipper of Vehumet
   610 | D        | Learned a level 5 spell: Lee's Rapid Deconstruction
   615 | D        | Learned a level 4 spell: Petrify
   636 | D        | Found a basalt altar of Yredelemnul.
   636 | D        | Found a shadowy altar of Dithmenos.
   636 | D        | Found a sacrificial altar of Ru.
   636 | D        | Noticed a necrophage
   638 | D        | Reached skill level 9 in Spellcasting
   638 | D        | Killed a necrophage
   639 | D        | Reached skill level 5 in Dodging
   639 | D        | Reached skill level 5 in Stealth
   639 | D        | Reached skill level 10 in Spellcasting
   639 | D        | Reached XP level 6. HP: 32/32 MP: 8/21
   717 | D        | Found a hide-covered altar of Uskayaw.
   717 | D        | Found a roughly hewn altar of Beogh.
   717 | D        | Found an iron altar of Okawaru.
   717 | D        | Found a bloodstained altar of Trog.
   717 | D        | Found an ornate altar of the Wu Jian Council.
   717 | D        | Noticed a human
   717 | D        | Noticed a human
   719 | D        | Killed a human
   719 | D        | Reached * piety under Vehumet
   719 | D        | Offered knowledge of Shock by Vehumet.
   719 | D        | Killed a human
   720 | D        | Reached skill level 12 in Spellcasting
   720 | D        | Reached XP level 7. HP: 36/36 MP: 11/25
   793 | D        | Found a glowing silver altar of Zin.
   793 | D        | Found a glowing golden altar of the Shining One.
   793 | D        | Found a white marble altar of Elyvilon.
   793 | D        | Noticed a deep elf mage
   795 | D        | Killed a deep elf mage
   796 | D        | Reached skill level 14 in Spellcasting
   934 | D        | Reached ** piety under Vehumet
   934 | D        | Offered knowledge of Freeze by Vehumet.
   934 | D        | Noticed a shadow
   935 | D        | Killed a shadow
   936 | D        | Reached XP level 8. HP: 41/41 MP: 18/28
   983 | D        | Found a blossoming altar of Fedhas.
   983 | D        | Found a stormy altar of Qazlal.
   983 | D        | Found a snail-covered altar of Cheibriados.
   983 | D        | Found a burning altar of Makhleb.
   983 | D        | Found a shimmering altar of Xom.
   984 | D        | Found a hazy altar of Hepliaklqana.
   984 | D        | Found an opulent altar of Gozag.
   984 | D        | Found a sparkling altar of Nemelex Xobeh.
   984 | D        | Found a corrupted altar of Lugonu.
   984 | D        | Found a viscous altar of Jiyva.
   988 | D        | Reached skill level 15 in Spellcasting
  1048 | D        | Reached *** piety under Vehumet
  1175 | D        | Noticed Erolcha
  1176 | D        | Noticed a two-headed ogre
  1178 | D        | Killed a two-headed ogre
  1178 | D        | Offered knowledge of Dazzling Flash by Vehumet.
  1179 | D        | Reached skill level 16 in Spellcasting
  1179 | D        | Killed Erolcha
  1180 | D        | Reached skill level 17 in Spellcasting
  1180 | D        | Reached skill level 15 in Earth Magic
  1180 | D        | Reached XP level 9. HP: 45/45 MP: 12/32
  1182 | D        | Noticed a two-headed ogre
  1185 | D        | Reached **** piety under Vehumet
  1186 | D        | Reached skill level 18 in Spellcasting
  1186 | D        | Killed a two-headed ogre
  1325 | D        | Noticed a wandering mushroom
  1329 | D        | Noticed a wandering mushroom
  1333 | D        | Killed a wandering mushroom
  1333 | D        | Offered knowledge of Inner Flame by Vehumet.
  1334 | D        | Noticed a wandering mushroom
  1340 | D        | Killed a wandering mushroom
  1340 | D        | Reached ***** piety under Vehumet
  1341 | D        | Reached skill level 1 in Conjurations
  1345 | D        | Killed a wandering mushroom
  1346 | D        | Reached skill level 19 in Spellcasting
  1398 | D        | Learned a level 3 spell: Inner Flame
  1442 | D        | Noticed an orc high priest
  1445 | D        | Offered knowledge of Static Discharge by Vehumet.
  1446 | D        | Killed an orc high priest
  1447 | D        | Reached skill level 1 in Hexes
  1447 | D        | Reached XP level 10. HP: 44/50 MP: 25/35
  1456 | D        | Reached ****** piety under Vehumet
  1565 | D        | Found Ytoarotay's Book Shop.
  1621 | D        | Bought a book of Minor Magic for 220 gold pieces
  1625 | D        | Learned a level 3 spell: Mephitic Cloud
  1627 | D        | Noticed a deep elf mage
  1627 | D        | Noticed a deep elf mage
  1627 | D        | Noticed a deep elf knight
  1627 | D        | Noticed a deep elf mage
  1627 | D        | Noticed a deep elf mage
  1638 | D        | Killed a deep elf mage
  1638 | D        | Offered knowledge of Hailstorm by Vehumet.
  1639 | D        | Reached skill level 20 in Spellcasting
  1639 | D        | Killed a deep elf mage
  1639 | D        | Killed a deep elf knight
  1639 | D        | Killed a deep elf mage
  1640 | D        | Reached skill level 21 in Spellcasting
  1646 | D        | Killed a deep elf mage
  1704 | D        | Noticed a deep elf annihilator
  1719 | D        | Noticed a deep elf mage
  1719 | D        | Noticed a deep elf annihilator
  1719 | D        | Noticed a deep elf death mage
  1721 | D        | Killed a deep elf mage
  1721 | D        | Killed a deep elf mage
  1722 | D        | Reached XP level 11. HP: 54/54 MP: 33/38
  1722 | D        | Killed a deep elf death mage
  1723 | D        | Reached skill level 22 in Spellcasting
  1729 | D        | Identified the amulet of Incredulity {Reflect Str+3 SH+5}
                  | (You took it off a deep elf mage in the Dungeon)
  1731 | D        | Noticed a deep elf master archer
  1732 | D        | Killed a deep elf annihilator
  1987 | D        | Identified the +3 hand axe of Sequestration {freeze, Dex+7}
  1987 | D        | Noticed a deep elf death mage
  1994 | D        | Killed from afar by a deep elf death mage

Illustrated notes

Levels and vault maps discovered:
D:        dungeon_sprint_mu [sprint_mu_entry_forest, sprint_mu_temple_rooms,
          sprint_mu_d1_spiders, sprint_mu_d2_genie, sprint_mu_d3_branching,
          sprint_mu_orc_legion, sprint_mu_elf_gauntlet, sprint_mu_hive_nellie,
          sprint_mu_lair_fedhas, sprint_mu_vaults_butterflies,
          sprint_mu_slime_circle, sprint_mu_swamp_cave, sprint_mu_shoals_kraken,
          sprint_mu_blade_basic, sprint_mu_crypt_chambers,
          sprint_mu_tomb_spiral, sprint_mu_vestibule_basic,
          sprint_mu_gehenna_hellfire, sprint_mu_dis_giant,
          sprint_mu_tartarus_statrot, sprint_mu_cocytus_islands, sprint_mu_zot1]

Skill      XL: |  1  2  3  4  5  6  7  8  9 10 11 |
---------------+----------------------------------+-----
Dodging        | 3 4 5 |  5.4
Earth Magic    | 5 7 8 9 11 13 15 16 18 19 | 19.2
Stealth        | 3 4 5 6 |  6.3
Spellcasting   | 5 7 8 10 12 14 17 19 21 22 | 22.5
Conjurations   | 1 2 |  2.0
Hexes          | 1 2 |  2.3
Transmutations | |  1.4
Fire Magic     | |  0.7

Action                   |  1- 3 |  4- 6 |  7- 9 | 10-12 || total
-------------------------+-------+-------+-------+-------++-------
 Cast: Sandblast         |    13 |     2 |       |     3 ||    18
       Stone Arrow       |     1 |       |    10 |       ||    11
       Passwall          |     1 |       |       |       ||     1
       Lee's Rapid Decon |       |     4 |    18 |    21 ||    43
       Inner Flame       |       |       |     2 |     2 ||     4
       Mephitic Cloud    |       |       |       |     1 ||     1
  Use: Potion            |     1 |       |       |     1 ||     2
Armor: Robe              |       |       |       |     1 ||     1
Dodge: Dodged            |       |       |     2 |     3 ||     5

Table legend: (Time is in decaauts)
 A = Elapsed time spent in this place.
 B = Non-inter-level travel time spent in this place.
 C = Inter-level travel time spent in this place.
 D = Time resting spent in this place.
 E = Time spent auto-exploring this place.
 F = Levels seen in this place.
 G = Mean time per level.
                   A        B        C        D        E       F      G
               +--------+--------+--------+--------+--------+-----+--------+
         Total |   1997 |   1997 |      0 |   1525 |      1 |   1 | 1997.0 |
       Dungeon |   1997 |   1997 |      0 |   1525 |      1 |   1 | 1997.0 |
               +--------+--------+--------+--------+--------+-----+--------+

Top non-repeatable levels by time:
       D: 1997 daAuts
